 Dungeon Crawl Stone Soup version 0.14-a0-181-gf6fe0c6 (webtiles) character file.

295 Malachi the Charmwright (level 4, -7/36 HPs)
             Began as a Demigod Skald on Oct 6, 2013.
             Mangled by an ogre
             ... wielding a +0,+0 giant club
              (9 damage)
             ... on Level 4 of the Dungeon.
             The game lasted 00:04:03 (2842 turns).

Malachi the Charmwright (Demigod Skald)             Turns: 2842, Time: 00:04:04

HP  -7/36        AC 15     Str 15      XL: 4   Next: 62%
MP  11/11        EV  3     Int 19      God:
Gold 163         SH  0     Dex 15      Spells:  1 memorised,  5 levels left

Res.Fire  : . . .   See Invis. : .   a - +0 falchion
Res.Cold  : . . .   Warding    : .   q - +3 dwarf plate armour {rPois}
Life Prot.: . . .   Conserve   : .   (no shield)
Res.Poison: +       Res.Corr.  : .   (no helmet)
Res.Elec. : .       Clarity    : .   e - +0 cloak
Sust.Abil.: . .     Spirit.Shd : .   (no gloves)
Res.Mut.  : .       Stasis     : .   (no boots)
Res.Rott. : .       Flight     : .   (no amulet)
Saprovore : . . .                    (no ring)
                                     (no ring)

@: slightly resistant to hostile enchantments, extremely unstealthy
A: no striking features
a: no special abilities


You were on level 4 of the Dungeon.
You were hungry.

You visited 1 branch of the dungeon, and saw 4 of its levels.

You collected 143 gold pieces.

Inventory:

Hand weapons
 a - a +0,+0 falchion (weapon)
Missiles
 l - 10 poisoned needles
 m - 2 throwing nets (quivered)
Armour
 e - a +0 cloak (worn)
 n - a +0 elven leather armour
 q - a +3 dwarven plate armour of poison resistance (worn)
Magical devices
 b - a wand of polymorph (0)
 o - a wand of slowing (14) {unknown}
Comestibles
 d - 3 bread rations
 j - a pear
 r - 6 grapes
 w - a meat ration
Scrolls
 f - a scroll of recharging {unknown}
 g - 3 scrolls of remove curse {unknown}
 h - a scroll of noise {unknown}
 i - a scroll of curse armour {unknown}
 k - 2 scrolls of identify {unknown}
 u - a scroll of curse jewellery {unknown}
 x - a scroll of amnesia {unknown}
Potions
 p - a potion of curing {unknown}
 s - a potion of confusion {unknown}
 t - a potion of restore abilities {unknown}
Books
 c - a book of Battle

   Spells                             Type                      Level
   *Infusion                          Charms                       1
   Shroud of Golubria                 Charms/Translocation         2
   Song of Slaying                    Charms                       2
   Spectral Weapon                    Hexes/Charms                 3
   Regeneration                       Charms/Necromancy            3
   Song of Shielding                  Charms                       4


   Skills:
 + Level 2.1 Fighting
 * Level 2.8 Long Blades
 - Level 0.8 Armour
 + Level 1.8 Dodging
 - Level 0.8 Stealth
 - Level 1.7 Spellcasting
 * Level 3.9 Charms


You had 5 spell levels left.
You knew the following spells:

 Your Spells              Type           Power        Failure   Level  Hunger
a - Infusion              Chrm           ###...       100%        1    #......


Dungeon Overview and Level Annotations

Branches:
Dungeon (4/27)
 Temple: D:4-7


Message History

The ogre hits you with a giant club!
The quokka skeleton bites you but does no damage.
You hit the ogre.
The ogre is moderately wounded.
The ogre hits you with a giant club!
Ouch! That really hurt!
* * * LOW HITPOINT WARNING * * *
The quokka skeleton bites you but does no damage.
You are too injured to fight recklessly!
You are too injured to fight recklessly!
Unknown command.
There is a stone staircase leading up here.
You slash the ogre!
The ogre is heavily wounded.
The ogre hits you but does no damage.
You hit the ogre.
The ogre is severely wounded.
The quokka skeleton bites you but does no damage.
The ogre hits you with a giant club!
You die...

. ..#######
........#
#........#
#.......@#
#......zO#
+........#
#...........#
......?.####
.....####
.###. .. <.


You could see an ogre and a quokka skeleton.

Vanquished Creatures
  Jessica (D:2)
  A gnoll (D:1)
  4 adders
  A giant mite (D:2)
  2 worms
  3 giant geckos
  An ooze (D:1)
  6 bats
  3 giant cockroaches
  7 hobgoblins
  2 giant newts
  7 goblins
  7 kobolds
  7 rats
52 creatures vanquished.

Notes
Turn   | Place    | Note
--------------------------------------------------------------
     0 | D:1      | Malachi, the Demigod Skald, began the quest for the Orb.
     0 | D:1      | Reached XP level 1. HP: 16/16 MP: 5/5
    94 | D:1      | Reached skill level 1 in Dodging
   124 | D:1      | Reached skill level 3 in Charms
   174 | D:1      | Reached XP level 2. HP: 15/23 MP: 6/6
  1051 | D:2      | Reached XP level 3. HP: 23/28 MP: 9/9
  1074 | D:2      | Noticed Jessica
  1125 | D:2      | Killed Jessica
  1730 | D:2      | Reached XP level 4. HP: 36/36 MP: 11/11
  2425 | D:3      | Found a basalt altar of Yredelemnul.
  2644 | D:3      | Found a glowing silver altar of Zin.
  2828 | D:4      | Noticed an ogre
  2838 | D:4      | HP: 1/36 [ogre/giant club (20)]
  2842 | D:4      | Mangled by an ogre

Action                   |  1- 3 |  4- 6 || total
-------------------------+-------+-------++-------
Melee: Falchion          |   129 |    81 ||   210
       Unarmed           |     4 |       ||     4
 Cast: Infusion          |     1 |       ||     1
 Stab: Sleeping          |     1 |       ||     1
